 Dungeon Crawl Stone Soup version 0.19.5 (webtiles) character file.

42357 raph the Spear-Bearer (level 14, -5/106 HPs)
             Began as a Merfolk Ice Elementalist on Mar 22, 2017.
             Was a High Priest of Kikubaaqudgha.
             Slain by an orc knight
             ... wielding a +0 halberd
              (16 damage)
             ... on level 2 of the Orcish Mines on Mar 25, 2017.
             The game lasted 01:35:00 (23058 turns).

raph the Spear-Bearer (Merfolk Ice Elementalist)   Turns: 23058, Time: 01:35:01

Health: -5/106     AC: 24    Str: 13    XL:     14   Next: 19%
Magic:  0/22       EV: 20    Int: 20    God:    Kikubaaqudgha [*****.]
Gold:   1726       SH:  0    Dex: 20    Spells: 8 memorised, 2 levels left

rFire  . . .     SeeInvis .     S - +4 trident (pain)
rCold  . . .     Gourm    .     a - +4 troll leather armour
rNeg   . . .     Faith    .     (no shield)
rPois  .         Spirit   .     l - +1 hat {Int+3}
rElec  +         Reflect  .     m - +1 cloak
rCorr  .         Harm     .     G - +1 pair of gloves
MR     .....                    T - +2 pair of boots of Untold Secrets {+Inv rElec MR- Dex+5}
Stlth  ++++......               I - amulet of magic regeneration
                                s - +3 ring of strength
                                y - ring of wizardry

@: icy armour, repel missiles, slow
A: change form in water, swift swim, stealthy swim
a: Receive Corpses, Torment, Renounce Religion, Evoke Invisibility


You were on level 2 of the Orcish Mines.
You worshipped Kikubaaqudgha.
Kikubaaqudgha was extremely pleased with you.
You were near starving.

You visited 3 branches of the dungeon, and saw 20 of its levels.

You collected 1817 gold pieces.
You spent 91 gold pieces at shops.

Inventory:

Hand Weapons
 v - a +0 glaive
 S - a +4 trident of pain (weapon)
Missiles
 r - 24 tomahawks (quivered)
Armour
 a - a +4 troll leather armour (worn)
 l - a +1 hat of intelligence (worn)
 m - a +1 cloak (worn)
 G - a +1 pair of gloves (worn)
 T - the +2 pair of boots of Untold Secrets (worn) {+Inv rElec MR- Dex+5}
   (You acquired it on level 8 of the Dungeon)

   It affects your dexterity (+5).
   It insulates you from electricity.
   It affects your resistance to hostile enchantments.
   It lets you turn invisible.
Jewellery
 g - the amulet "Tyubixt" {+Rage rN+}
   (You acquired it on level 9 of the Dungeon)

   [amulet of rage]

   It protects you from negative energy.
   It lets you go berserk.
 i - an uncursed ring of ice
 o - an uncursed ring of poison resistance
 q - an uncursed ring of protection from cold
 s - a +3 ring of strength (right hand)
 y - a ring of wizardry (left hand)
 I - an amulet of magic regeneration (around neck)
 L - an uncursed ring of protection from fire
Wands
 E - a wand of iceblast (5/15)
 J - a wand of acid (1/15)
 N - a wand of digging (3/24)
Scrolls
 e - 3 scrolls of recharging
 f - a scroll of blinking
 k - 12 scrolls of remove curse
 n - 4 scrolls of amnesia
 u - a scroll of fear
 B - 3 scrolls of teleportation
 C - 6 scrolls of identify
 H - 2 scrolls of fog
Potions
 d - 3 potions of magic
 h - 2 potions of invisibility
 t - 3 potions of brilliance
 z - a potion of haste
 A - 4 potions of might
 K - 4 potions of curing
 O - a potion of cancellation
 P - 2 potions of resistance
 Q - 2 potions of agility
 Y - a potion of berserk rage
 Z - a potion of flight
Miscellaneous
 R - a phial of floods
Comestibles
 c - 3 bread rations
 p - a beef jerky


   Skills:
 - Level 8.5 Fighting
 * Level 13.2 Polearms
 - Level 1.2 Armour
 - Level 10.3 Dodging
 - Level 6.9 Stealth
 - Level 5.3 Spellcasting
 - Level 5.5 Conjurations
 - Level 7.5 Charms
 * Level 8.7 Necromancy
 - Level 11.8 Ice Magic
 - Level 4.1 Evocations


You had 2 spell levels left.
You knew the following spells:

 Your Spells              Type           Power        Failure   Level  Hunger
a - Freeze                Ice            ####         1%          1    None
b - Repel Missiles        Chrm/Air       ###...       2%          2    None
c - Ozocubu's Armour      Chrm/Ice       #####...     1%          3    ##.....
d - Animate Skeleton      Necr           N/A          1%          1    None
e - Regeneration          Chrm/Necr      #####.....   1%          3    ##.....
f - Throw Icicle          Conj/Ice       #####...     1%          4    ####...
g - Sublimation of Blood  Necr           #####.....   1%          2    None
h - Agony                 Necr           #####...     4%          5    #####..


Dungeon Overview and Level Annotations

Branches:
Dungeon (12/15)            Temple (0/1) D:6            Lair (6/6) D:11
 Shoals (0/4) Lair:4        Snake (0/4) Lair:4        Slime (0/5) Lair:6
    Orc (2/2) D:12            Elf (0/3) Orc:2

Altars:
Kikubaaqudgha
Makhleb
Nemelex Xobeh
Qazlal
Xom

Shops:
D:4 !   D:10 =

Annotations:
D:3 Felix's ghost, amateur MfSk
Lair:5 Rupert


Message History

The orc warlord hits you with an uncursed antimagic war axe.
You feel your power leaking away.
You hit the orc warlord but do no damage.
The orc warlord writhes in agony.
The orc warlord is almost dead.
The orc knight no longer looks unusually strong.
The orc knight barely misses you.
You hit the orc warlord but do no damage.
The orc warlord is almost dead.
The orc warlord hits you with an uncursed antimagic war axe!!!
You feel your power leaking away.
You barely miss the orc warlord.
The orc warlord is almost dead.
The orc knight closely misses you.
The orc warlord hits you with an uncursed antimagic war axe!!
* * * LOW HITPOINT WARNING * * *
You feel your power leaking away.
The orc knight hits you from afar with a halberd!
You die...
Kikubaaqudgha rasps: "You have failed me!
Welcome... death!"

#.........................
##......(.(......#..#..#.#
##.....(.....##.#......##
#...#...(....#........#..
##...(..(................
#...#...........##.##....
##..#..%..o.#....####...#
##.....(.........##.#..#.
#.......@o.............##
##.##............##.#..#.
#####....#.#.[######....
##......##......####.#.
#........#.......####T.
##...#..#........##..#.
##....#......>....#.....
#........#.........#....
##.#....###.#...#..)#)..


You could see an orc warlord and an orc knight.

Vanquished Creatures
  Snorg (Lair:3)
  Fannar (Lair:2)
  3 hydras
  4 orc high priests (Orc:2)
  Nergalle (Lair:2)
  2 hill giants
  3 orc knights
  A cyclops (D:12)
  An ugly thing (D:12)
  5 orc sorcerers
  A centaur zombie (D:11)
  3 elephants (Lair:4)
  A siren (Lair:4)
  5 black mambas
  2 rime drakes
  A gargoyle (D:11)
  2 kobold demonologists (D:11)
  5 komodo dragons
  2 spiny frogs
  4 trolls
  Grinder (D:5)
  8 hippogriffs
  A hornet (D:10)
  A shadow (D:12)
  28 yaks
  4 vampire mosquitoes
  A basilisk (Lair:1)
  4 nagas (Lair:4)
  3 wargs
  9 water moccasins
  3 porcupines
  4 sky beasts
  An ice beast (D:10)
  28 orc warriors
  3 phantoms
  10 wolves
  5 ogres
  3 centaurs
  2 crocodiles
  18 bullfrogs
  A gnoll sergeant (D:5)
  A big kobold (D:11)
  9 scorpions
  4 jellies
  2 wights (D:12)
  9 killer bees (D:7)
  2 vampire bats (D:3)
  4 electric eels (D:11)
  3 howler monkeys
  4 crimson imps
  2 bullfrog zombies
  12 hounds
  A quasit (D:9)
  2 bullfrog skeletons
  A centaur skeleton (D:5)
  16 orc priests
  27 orc wizards
  6 iguanas
  3 worker ants
  2 hound zombies
  A worker ant zombie (D:7)
  13 adders
  7 gnolls
  A shadow imp (D:11)
  An ooze (D:5)
  An adder zombie (D:6)
  3 adder skeletons
  A worm (D:2)
  A dart slug (D:4)
  4 leopard geckos
  78 orcs
  5 giant cockroaches
  8 goblins
  2 hobgoblins
  11 jackals
  10 kobolds
  4 quokkas
  11 bats
  4 frilled lizards
  A quokka skeleton (D:5)
  4 rats
467 creatures vanquished.

Vanquished Creatures (collateral kills)
  Gastronok (D:9)
  2 hydras (Lair:3)
  An orc high priest (Orc:2)
  A hill giant (D:10)
  An ugly thing (D:12)
  An elephant (Lair:4)
  A polar bear (Lair:4)
  2 hippogriffs (Lair:3)
  2 yaks (Lair:4)
  A vampire mosquito (D:12)
  2 nagas (Lair:4)
  A soldier ant (D:11)
  A water moccasin (Lair:4)
  A phantom (D:6)
  4 orc warriors
  An ogre (D:7)
  A big kobold (D:11)
  2 crocodiles
  A wyvern zombie (D:10)
  A wight (D:12)
  A crimson imp (D:11)
  A hound (D:9)
  2 orc wizards (Orc:2)
  An orc priest (Orc:2)
  A centaur skeleton (D:7)
  A worker ant (D:10)
  2 worker ant zombies
  9 orcs
  A kobold (D:11)
47 creatures vanquished.

Vanquished Creatures (others)
  7 fungi
  4 plants
11 creatures vanquished.

Grand Total: 525 creatures vanquished

Notes
Turn   | Place    | Note
-------+----------+-------------------------------------------
     0 | D:1      | raph the Merfolk Ice Elementalist began the quest for the Orb.
     0 | D:1      | Reached XP level 1. HP: 13/13 MP: 3/3
   371 | D:1      | Reached XP level 2. HP: 17/19 MP: 1/5
   590 | D:1      | Learned a level 2 spell: Throw Frost
   928 | D:2      | Reached XP level 3. HP: 25/25 MP: 0/6
  1099 | D:2      | Learned a level 3 spell: Ozocubu's Armour
  1753 | D:3      | Noticed Felix's ghost (amateur MfSk)
  1932 | D:3      | Reached skill level 1 in Fighting
  1995 | D:3      | Reached XP level 4. HP: 32/32 MP: 2/7
  2012 | D:3      | Reached skill level 1 in Polearms
  2138 | D:3      | Found an ancient bone altar of Kikubaaqudgha.
  2188 | D:3      | Became a worshipper of Kikubaaqudgha
  2406 | D:3      | Reached skill level 1 in Charms
  2407 | D:3      | Found a shimmering altar of Xom.
  2464 | D:3      | Found a burning altar of Makhleb.
  2564 | D:3      | Reached XP level 5. HP: 33/37 MP: 2/8
  2571 | D:3      | Reached skill level 2 in Polearms
  2740 | D:3      | Found a faded altar of an unknown god.
  2743 | D:3      | Reached XP level 6. HP: 44/44 MP: 1/10
  3333 | D:4      | Reached * piety under Kikubaaqudgha
  3333 | D:4      | Identified Kikubaaqudgha's Compendium of Dark Secrets (Kikubaaqudgha gifted it to you on level 4 of the Dungeon)
  3333 | D:4      | Received a gift from Kikubaaqudgha
  3371 | D:4      | Learned a level 1 spell: Animate Skeleton
  3388 | D:4      | Learned a level 3 spell: Regeneration
  3447 | D:4      | Reached skill level 1 in Necromancy
  3713 | D:4      | Reached skill level 3 in Polearms
  3845 | D:4      | Reached XP level 7. HP: 47/51 MP: 7/11
  4365 | D:4      | Found a sparkling altar of Nemelex Xobeh.
  4374 | D:4      | Found a stormy altar of Qazlal.
  4584 | D:4      | Reached skill level 5 in Ice Magic
  5023 | D:4      | Found Hiokk's Distillery.
  5042 | D:4      | Bought a potion of lignification for 42 gold pieces
  5042 | D:4      | Bought a potion of degeneration for 14 gold pieces
  5042 | D:4      | Bought a potion of mutation for 35 gold pieces
  5335 | D:5      | Entered Level 5 of the Dungeon
  5454 | D:5      | Reached XP level 8. HP: 41/58 MP: 9/13
  5864 | D:5      | Noticed Grinder
  5915 | D:4      | Reached skill level 4 in Polearms
  6258 | D:5      | Paralysed by Grinder for 7 turns
  6289 | D:5      | Paralysed by Grinder for 3 turns
  6307 | D:5      | Killed Grinder
  6307 | D:5      | Reached skill level 5 in Dodging
  7039 | D:5      | Reached XP level 9. HP: 44/65 MP: 0/15
  7181 | D:6      | Learned a level 4 spell: Throw Icicle
  7187 | D:6      | Found a staircase to the Ecumenical Temple.
  7223 | D:6      | Reached skill level 5 in Polearms
  7260 | D:6      | Reached skill level 5 in Stealth
  7312 | D:6      | Reached ** piety under Kikubaaqudgha
  7312 | D:6      | Reached skill level 1 in Conjurations
  9218 | D:7      | Reached skill level 5 in Fighting
  9633 | D:8      | Reached skill level 6 in Polearms
  9633 | D:8      | Reached XP level 10. HP: 71/74 MP: 14/17
  9731 | D:8      | Identified a scroll of acquirement
  9732 | D:8      | Got a pair of pitted boots
  9738 | D:8      | Identified the +2 pair of boots of Untold Secrets {+Inv rElec MR- Dex+5} (You acquired it on level 8 of the Dungeon)
  9852 | D:8      | Reached skill level 5 in Spellcasting
 10062 | D:9      | Reached *** piety under Kikubaaqudgha
 10062 | D:9      | Identified Kikubaaqudgha's Almanac of Darkness (Kikubaaqudgha gifted it to you on level 9 of the Dungeon)
 10062 | D:9      | Received a gift from Kikubaaqudgha
 10261 | D:9      | Got a coiled ivory amulet
 10262 | D:9      | Identified the amulet "Tyubixt" {+Rage rN+} (You acquired it on level 9 of the Dungeon)
 10291 | D:9      | Learned a level 2 spell: Sublimation of Blood
 10314 | D:9      | Noticed Gastronok
 10329 | D:9      | Killed Gastronok
 10763 | D:10     | Entered Level 10 of the Dungeon
 10811 | D:10     | Noticed a hill giant
 10843 | D:10     | Paralysed by a hornet for 1 turns
 10854 | D:10     | Paralysed by a hornet for 2 turns
 10858 | D:10     | Reached skill level 5 in Charms
 10860 | D:10     | Killed a hill giant
 10860 | D:10     | Reached skill level 7 in Polearms
 11003 | D:10     | Noticed a hill giant
 11004 | D:10     | Found Alieb's Jewellery Emporium.
 11012 | D:10     | Killed a hill giant
 11012 | D:10     | Reached XP level 11. HP: 70/81 MP: 4/18
 11594 | D:11     | Found a staircase to the Lair.
 11719 | D:11     | Reached skill level 5 in Necromancy
 12067 | D:11     | Reached skill level 8 in Polearms
 12411 | D:11     | Reached **** piety under Kikubaaqudgha
 12506 | D:11     | Noticed a five-headed hydra
 12998 | Lair:1   | Entered Level 1 of the Lair of Beasts
 13217 | Lair:1   | Reached skill level 9 in Polearms
 13909 | Lair:2   | Noticed Fannar
 14036 | Lair:2   | Killed Fannar
 14036 | Lair:2   | Reached XP level 12. HP: 91/91 MP: 19/19
 14045 | Lair:2   | Learned a level 5 spell: Agony
 14088 | Lair:2   | Noticed Nergalle
 14103 | Lair:2   | Killed Nergalle
 14103 | Lair:2   | Reached skill level 1 in Evocations
 14420 | Lair:2   | Reached skill level 10 in Ice Magic
 14655 | Lair:2   | Reached skill level 10 in Polearms
 15749 | Lair:3   | Noticed a six-headed hydra
 15757 | Lair:3   | Killed a six-headed hydra
 15759 | Lair:3   | Noticed a seven-headed hydra
 16094 | Lair:3   | Killed a seven-headed hydra
 16593 | Lair:3   | Noticed Snorg
 16612 | Lair:3   | Killed Snorg
 16770 | Lair:3   | You fall through a shaft for 3 floors!
 16770 | Lair:6   | Entered Level 6 of the Lair of Beasts
 16784 | Lair:6   | Found a staircase to the Slime Pits.
 16985 | Lair:5   | Noticed Rupert
 16985 | Lair:5   | Noticed a seven-headed hydra
 17139 | Lair:4   | Reached XP level 13. HP: 85/98 MP: 13/20
 17175 | Lair:4   | Reached skill level 11 in Polearms
 17216 | Lair:4   | Found a staircase to the Snake Pit.
 17346 | Lair:4   | Reached skill level 5 in Conjurations
 17392 | Lair:4   | Reached ***** piety under Kikubaaqudgha
 17725 | Lair:4   | Found a staircase to the Shoals.
 18965 | D:11     | Learned a level 2 spell: Repel Missiles
 19273 | D:11     | Reached skill level 10 in Dodging
 20061 | D:12     | Found a staircase to the Orcish Mines.
 20073 | Orc:1    | Entered Level 1 of the Orcish Mines
 20099 | Orc:1    | Paralysed by an orc sorcerer for 3 turns
 20230 | Orc:1    | Reached skill level 1 in Armour
 20454 | Orc:2    | Entered Level 2 of the Orcish Mines
 20778 | Orc:2    | Found a staircase to the Elven Halls.
 21927 | Orc:1    | Reached skill level 12 in Polearms
 22114 | Orc:2    | Reached ****** piety under Kikubaaqudgha
 22116 | Orc:2    | Identified a +4 trident of pain (a +2 vampiric trident bloodied by Kikubaaqudgha)
 22116 | Orc:2    | Received a gift from Kikubaaqudgha
 22341 | Orc:2    | Reached XP level 14. HP: 106/106 MP: 22/22
 22532 | Orc:2    | Reached skill level 13 in Polearms
 22701 | Orc:2    | Noticed an orc warlord
 23058 | Orc:2    | Slain by an orc knight

Skill      XL: |  1  2  3  4  5  6  7  8  9 10 11 12 13 14 |
---------------+-------------------------------------------+-----
Dodging        | 3 4 5 6 7 8 9 10 | 10.3
Ice Magic      | 4 5 7 8 9 10 11 | 11.8
Fighting       | 1 2 3 4 5 7 8 |  8.5
Polearms       | 1 2 3 4 6 7 9 10 12 13 | 13.2
Charms         | 1 2 3 4 5 6 7 |  7.5
Stealth        | 3 4 5 6 |  6.9
Necromancy     | 1 2 3 4 5 7 8 |  8.7
Spellcasting   | 3 4 5 |  5.3
Conjurations   | 2 3 4 5 |  5.5
Evocations     | 3 4 |  4.1
Armour         | 1 |  1.2

Action                   |  1- 3 |  4- 6 |  7- 9 | 10-12 | 13-15 || total
-------------------------+-------+-------+-------+-------+-------++-------
Melee: Dagger            |     6 |       |       |       |       ||     6
       Spear             |    10 |    79 |   187 |       |       ||   276
       Trident           |       |       |   161 |  1134 |  1071 ||  2366
       Tailslap          |       |       |       |     4 |     1 ||     5
Throw: Tomahawk          |       |       |     2 |     1 |     1 ||     4
 Cast: Freeze            |    43 |    45 |   130 |    66 |     9 ||   293
       Throw Frost       |     7 |    20 |    52 |    10 |       ||    89
       Ozocubu's Armour  |       |     3 |    29 |    64 |    53 ||   149
       Regeneration      |       |     1 |     1 |     8 |    20 ||    30
       Animate Skeleton  |       |       |    17 |    56 |    80 ||   153
       Throw Icicle      |       |       |       |    51 |    39 ||    90
       Agony             |       |       |       |       |    37 ||    37
       Repel Missiles    |       |       |       |       |     3 ||     3
Invok: Receive Corpses   |       |       |       |     1 |     2 ||     3
       Brand Weapon With |       |       |       |       |     1 ||     1
       Torment           |       |       |       |       |     1 ||     1
 Abil: Evoke Berserk Rag |       |       |       |     2 |       ||     2
Evoke: Wand              |       |       |       |     2 |     5 ||     7
  Use: Scroll            |       |       |    18 |    21 |     6 ||    45
       Potion            |       |       |     3 |     2 |     4 ||     9
 Stab: Sleeping          |     2 |       |     7 |    11 |     7 ||    27
       Distracted        |       |       |       |     1 |     8 ||     9
  Eat: Chunk             |     2 |     3 |    13 |    37 |    41 ||    96
       Meat ration       |     1 |     1 |       |       |       ||     2
       Fruit             |       |       |     3 |       |       ||     3
       Pizza             |       |       |     1 |     2 |       ||     3
       Bread ration      |       |       |     2 |       |     1 ||     3
Armor: Leather armour    |     1 |       |       |       |       ||     1
       Robe              |    13 |    43 |   143 |    46 |       ||   245
       Troll leather arm |       |       |       |   442 |   427 ||   869
Dodge: Dodged            |    37 |    82 |   324 |  1184 |  1151 ||  2778
       Deflected         |       |       |       |       |    18 ||    18
